 Dungeon Crawl Stone Soup version 0.22-a0-44-geb883ae (webtiles) character file.

49609 Minkie the Tortoise (level 14, -1/113 HPs)
             Began as a Minotaur Fighter on Jan 6, 2018.
             Was a High Priest of the Shining One.
             Slain by a death yak (14 damage)
             ... on level 6 of the Lair of Beasts.
             The game lasted 01:14:44 (16212 turns).

Minkie the Tortoise (Minotaur Fighter)             Turns: 16212, Time: 01:14:45

Health: -1/113     AC: 32    Str: 24    XL:     14   Next: 16%
Magic:  13/13      EV: 10    Int:  5    God:    the Shining One [*****.]
Gold:   1060       SH: 15    Dex: 20    Spells: 13/13 levels left

rFire    + . .     SeeInvis .   t - +2 whip (elec)
rCold    x . .     Gourm    .   c - +0 shield
rNeg     + + +     Faith    .   g - +0 crystal plate armour
rPois    +         Spirit   .   (helmet restricted)
rElec    .         Reflect  .   a - +2 cloak
rCorr    .         Harm     .   H - +1 pair of gloves
MR       ++...                  L - +0 pair of boots
Stlth    ..........             I - amulet of regeneration
HPRegen  0.68/turn              J - ring "Zomuav" {rN+ Dex+2}
MPRegen  0.13/turn              n - ring of Qel Herph {Fire rPois Dex+4}

@: glowing
A: retaliatory headbutt, horns 2, blink, frail 1, magic resistance 1, strong 1,
evolution 1
a: Blink, Divine Shield, Cleansing Flame, Summon Divine Warrior, Renounce
Religion


You were on level 6 of the Lair of Beasts.
You worshipped the Shining One.
The Shining One was extremely pleased with you.
You were not hungry.

You visited 3 branches of the dungeon, and saw 16 of its levels.
You also visited: Ossuary, Bailey and Volcano.

You collected 1060 gold pieces.

Inventory:

Hand Weapons
 t - a +2 whip of electrocution (weapon)
Missiles
 A - 6 javelins of penetration (quivered)
 G - 14 javelins of returning
Armour
 a - a +2 cloak (worn)
 c - a +0 shield (worn)
 g - a +0 crystal plate armour (worn)
 H - a +1 pair of gloves (worn)
 L - a +0 pair of boots (worn)
 N - the cursed +1 robe "Cuoqoaniur" {rF+ Int+4, unknown}
   (You found it on level 5 of the Lair of Beasts)

   It affects your intelligence (+4).
   It protects you from fire.
   It has a curse placed upon it.
Jewellery
 n - the ring of Qel Herph (right hand) {Fire rPois Dex+4}
   (You found it in a bailey)

   [ring of fire]

   It enhances your fire magic.
   It affects your dexterity (+4).
   It protects you from fire.
   It makes you vulnerable to cold.
   It protects you from poison.
 E - a +2 amulet of reflection
 I - an amulet of regeneration (around neck)
 J - the ring "Zomuav" (left hand) {rN+ Dex+2}
   (You found it on level 8 of the Dungeon)

   [ring of positive energy]

   It affects your dexterity (+2).
   It protects you from negative energy.
Wands
 i - a wand of digging (5)
 o - a wand of acid (4)
 v - a wand of paralysis (17)
 y - a wand of disintegration (8)
 z - a wand of iceblast (20)
 B - a wand of polymorph (8)
 D - a wand of flame (51)
 F - a wand of scattershot (6)
Scrolls
 b - 8 scrolls of teleportation
 e - a scroll of random uselessness {unknown}
 h - 4 scrolls of fear
 k - 7 scrolls of remove curse
 m - 3 scrolls of enchant armour
 s - 2 scrolls of amnesia
 w - a scroll of magic mapping
 x - 3 scrolls of blinking
Potions
 d - a potion of might
 j - 9 potions of curing
 l - 2 potions of haste
 p - 7 potions of berserk rage
 q - 7 potions of heal wounds
 r - a potion of resistance
 C - 2 potions of flight
 K - 2 potions of cancellation
 M - 2 potions of ambrosia
Comestibles
 f - 30 rations
 u - 6 chunks of flesh


   Skills:
 + Level 12.1 Fighting
 - Level 12.1 Maces & Flails
 + Level 5.4 Throwing
 + Level 16.1 Armour
 + Level 7.1 Dodging
 - Level 15.0 Shields


You had 13 spell levels left.
You didn't know any spells.

Dungeon Overview and Level Annotations

Branches:
Dungeon (9/15)             Temple (1/1) D:5            Lair (6/6) D:9
 Shoals (0/4) Lair:3        Snake (0/4) Lair:3          Orc (0/2) D:9
  Slime: Lair:5-6

Altars:
Ashenzari
Cheibriados
Dithmenos
Elyvilon
Fedhas
Gozag
Hepliaklqana
Kikubaaqudgha
Makhleb
Nemelex Xobeh
Okawaru
Qazlal
Ru
Sif Muna
Trog
Uskayaw
Vehumet
Wu Jian
Xom
Yredelemnul
Zin
The Shining One

Shops:
D:5 (

Annotations:
D:8 exclusion: ice statue


Innate Abilities, Weirdness & Mutations

You reflexively headbutt those who attack you in melee.
You have a pair of horns on your head.
You can translocate small distances at will.
You are frail. (-10% HP)
You are resistant to hostile enchantments. (MR+)
Your muscles are strong. (Str +2)
You evolve.


Message History

You hit the death yak.
The death yak is moderately wounded.
You block the black mamba's attack. You block the death yak's attack.
You hit the death yak.
The death yak is moderately wounded.
The black mamba bites you but does no damage.
You hit the death yak but do no damage.
The death yak is moderately wounded.
The black mamba closely misses you.
The death yak gores you but does no damage.
You hit the death yak.
You headbutt the death yak, but do no damage.
The death yak is moderately wounded.
You block the black mamba's attack.
You hit the death yak but do no damage.
Lightning courses through the death yak!
You headbutt the death yak, but do no damage.
The death yak is heavily wounded.
You block the black mamba's attack. The death yak gores you!
You die...

............... .#
.................
#
..................
≈P
.................#
≈≈
.................#
#
.................
.........H.......
.........Y#S#
.#....†#@#
##..H#### #...###
## #...#.#..#
##†.......
#.........
...####..###..#
....P.....# ##
....Y....##


You could see a death yak, a hippogriff and a black mamba.

Vanquished Creatures
  The ghost of spsoon the Covert, a journeyman GnEn of Uskayaw (Lair:2)
  The ghost of RedSky the Geomancer, a journeyman DrEE of Vehumet (Lair:2)
  6 hydras
  A two-headed ogre (D:9)
  4 death yaks (Lair:6)
  A sea snake (Lair:6)
  A lindwurm (Lair:4)
  An oklob plant (Lair:2)
  16 elephants
  A manticore (Lair:6)
  A toenail golem (Volcano)
  2 black mambas
  2 merfolk sirens (Lair:3)
  2 molten gargoyles (Volcano)
  12 spiny frogs
  4 komodo dragons
  4 rime drakes
  2 efreet (Volcano)
  5 polar bears (Lair:6)
  A troll (D:9)
  2 hornets (Lair:6)
  A merfolk (Lair:3)
  11 hippogriffs
  12 blink frogs
  4 dream sheep (Lair:5)
  3 wyverns
  Sigmund (D:3)
  51 yaks
  4 fire elementals (Volcano)
  Grum (D:8)
  3 basilisks
  A hungry ghost (D:9)
  The ghost of spsoon the Sneak, an amateur GnEn (D:4)
  Menkaure (Ossuary)
  2 wargs (D:9)
  Duvessa (D:7)
  8 water moccasins
  10 porcupines
  14 orc warriors
  A black bear (D:5)
  An eye of draining (D:5)
  2 phantoms (D:9)
  8 wolves
  11 crocodiles
  5 ogres
  8 centaurs
  A big kobold (D:7)
  3 earth elementals (Volcano)
  12 bullfrogs
  Dowan (D:7)
  4 scorpions
  5 killer bees (D:8)
  3 electric eels
  4 crimson imps
  5 orc priests
  4 jellies
  3 hounds
  An iron imp (D:6)
  8 orc wizards
  Crazy Yiuf (D:3)
  2 iguanas (D:6)
  A bullfrog skeleton (D:4)
  6 worker ants
  2 hound zombies (D:8)
  3 mummies (Ossuary)
  A worker ant zombie (D:8)
  Robin (D:3)
  7 gnolls
  10 adders
  A shadow imp (D:5)
  An ooze (D:3)
  An adder zombie (D:2)
  A worm (D:2)
  4 dart slugs
  5 leopard geckos
  41 orcs
  A ball python (D:2)
  8 giant cockroaches
  4 gnoll zombies (Ossuary)
  21 goblins
  12 hobgoblins
  7 quokkas
  7 bats
  4 frilled lizards
  2 gnoll skeletons (Ossuary)
  4 goblin skeletons (Ossuary)
  A goblin zombie (Ossuary)
  A hobgoblin skeleton (Ossuary)
  5 hobgoblin zombies (Ossuary)
  A jackal zombie (D:6)
  15 kobolds
  A kobold skeleton (Ossuary)
  A kobold zombie (Ossuary)
  A leopard gecko skeleton (D:5)
  A leopard gecko zombie (D:5)
  2 orc zombies (Ossuary)
  A quokka skeleton (D:9)
  A quokka zombie (D:5)
  6 rats
  A rat skeleton (Ossuary)
  3 rat zombies (Ossuary)
  A fire vortex (Volcano)
  A fungus (Lair:2)
490 creatures vanquished.

Vanquished Creatures (others)
  A centaur (Bailey)
  3 gnoll skeletons (Ossuary)
  4 goblin skeletons (Ossuary)
  3 goblin zombies (Ossuary)
  4 hobgoblin skeletons (Ossuary)
  A hobgoblin zombie (Ossuary)
  A kobold skeleton (Ossuary)
  A kobold zombie (Ossuary)
  An orc skeleton (Ossuary)
  3 orc zombies (Ossuary)
  3 rat skeletons (Ossuary)
  A rat zombie (Ossuary)
  A fire vortex (Volcano)
  8 fungi
  4 plants
39 creatures vanquished.

Grand Total: 529 creatures vanquished

Notes
Turn   | Place    | Note
-------+----------+-------------------------------------------
     0 | D:1      | Minkie the Minotaur Fighter began the quest for the Orb.
     0 | D:1      | Reached XP level 1. HP: 19/19 MP: 0/0
    14 | D:1      | Reached XP level 2. HP: 8/27 MP: 1/1
   302 | D:1      | Reached skill level 4 in Armour
   369 | D:1      | Reached XP level 3. HP: 30/33 MP: 2/2
   658 | D:2      | Found a white marble altar of Elyvilon.
   681 | D:2      | Reached XP level 4. HP: 36/41 MP: 3/3
   893 | D:2      | Found a sacrificial altar of Ru.
   946 | D:2      | Found a basalt altar of Yredelemnul.
  1500 | D:3      | Found an ancient bone altar of Kikubaaqudgha.
  1507 | D:3      | Noticed a black bear
  1642 | D:3      | Reached XP level 5. HP: 47/47 MP: 4/4
  1738 | D:3      | Noticed Robin
  1758 | D:3      | Killed Robin
  1878 | D:3      | Noticed Sigmund
  1907 | D:3      | Killed Sigmund
  1907 | D:3      | Reached skill level 5 in Fighting
  1907 | D:3      | Reached skill level 5 in Armour
  1907 | D:3      | Reached skill level 5 in Shields
  1907 | D:3      | Reached XP level 6. HP: 26/56 MP: 5/5
  2118 | D:3      | Found a runed door.
  2122 | D:3      | Noticed Crazy Yiuf
  2125 | D:3      | Killed Crazy Yiuf
  2603 | D:4      | Reached XP level 7. HP: 15/62 MP: 6/6
  2674 | D:4      | Noticed spsoon's ghost (amateur GnEn)
  2690 | D:4      | Reached skill level 5 in Maces & Flails
  2690 | D:4      | Reached skill level 6 in Armour
  2708 | D:4      | Found a sand-covered staircase.
  2713 | Ossuary  | Entered an ossuary
  3115 | Ossuary  | Noticed Menkaure
  3118 | Ossuary  | Killed Menkaure
  3184 | D:4      | Killed spsoon's ghost
  3601 | D:5      | Entered Level 5 of the Dungeon
  3625 | D:5      | Reached XP level 8. HP: 73/73 MP: 7/7
  3938 | D:5      | Found Paugam's Weapon Boutique.
  3985 | D:5      | Found a sacrificial altar of Ru.
  3987 | D:5      | Found a hazy altar of Hepliaklqana.
  3987 | D:5      | Found a burning altar of Makhleb.
  3992 | D:5      | Found an ancient bone altar of Kikubaaqudgha.
  3993 | D:5      | Found an opulent altar of Gozag.
  4162 | D:5      | Found a staircase to the Ecumenical Temple.
  4235 | Temple   | Entered the Ecumenical Temple
  4280 | Temple   | Became a worshipper of the Shining One
  4421 | D:6      | Found an iron altar of Okawaru.
  4594 | D:6      | Found a snail-covered altar of Cheibriados.
  4843 | D:6      | Reached * piety under the Shining One
  4843 | D:6      | Reached XP level 9. HP: 84/84 MP: 8/8
  5350 | D:6      | Found a sparkling altar of Nemelex Xobeh.
  5558 | D:7      | Reached skill level 10 in Maces & Flails
  5670 | D:7      | Noticed Duvessa
  5671 | D:7      | Noticed Dowan
  5677 | D:7      | Killed Duvessa
  5681 | D:7      | Killed Dowan
  6055 | D:9      | Reached skill level 1 in Dodging
  6059 | D:9      | Found a staircase to the Lair.
  6159 | D:9      | Found a flagged portal.
  6274 | Bailey   | Entered a bailey
  6310 | Bailey   | Reached XP level 10. HP: 80/93 MP: 9/9
  6557 | Bailey   | Reached skill level 10 in Fighting
  6563 | Bailey   | HP: 3/93 [orc warrior/halberd (7)]
  7112 | Bailey   | Gained mutation: You expend magic power (3 MP) to strengthen your wands. [potion of mutation]
  7112 | Bailey   | Gained mutation: You are occasionally teleported next to monsters. [potion of mutation]
  7112 | Bailey   | Gained mutation: You are partially covered in molten scales. (AC +2) [potion of mutation]
  7249 | Bailey   | Reached skill level 7 in Armour
  7295 | Bailey   | Got a coiled tin ring
  7296 | Bailey   | Identified the ring of Qel Herph {Fire rPois Dex+4} (You found it in a bailey)
  7748 | D:9      | Noticed a two-headed ogre
  7754 | D:9      | Killed a two-headed ogre
  7754 | D:9      | Reached skill level 8 in Armour
  7924 | D:9      | Found a blossoming altar of Fedhas.
  7980 | D:9      | Reached ** piety under the Shining One
  8305 | D:9      | Found a staircase to the Orcish Mines.
  8493 | D:8      | Reached skill level 9 in Armour
  8505 | D:8      | Got a scorched bone ring
  8509 | D:8      | Identified the ring "Zomuav" {rN+ Dex+2} (You found it on level 8 of the Dungeon)
  8688 | D:8      | Noticed Grum
  8704 | D:8      | Killed Grum
  8709 | D:8      | Reached XP level 11. HP: 92/101 MP: 10/10
  9245 | Lair:1   | Entered Level 1 of the Lair of Beasts
  9396 | Lair:1   | Reached skill level 10 in Armour
  9396 | Lair:1   | Reached skill level 10 in Shields
  9637 | Lair:1   | Reached *** piety under the Shining One
  9708 | Lair:1   | Noticed a six-headed hydra
  9713 | Lair:1   | Killed a six-headed hydra
 10041 | Lair:1   | Reached skill level 11 in Armour
 10075 | Lair:1   | Lost mutation: You expend magic power (3 MP) to strengthen your wands. [potion of mutation]
 10075 | Lair:1   | Lost mutation: You are occasionally teleported next to monsters. [potion of mutation]
 10075 | Lair:1   | Lost mutation: You are partially covered in molten scales. (AC +2) [potion of mutation]
 10075 | Lair:1   | Gained mutation: You are frail. (-10% HP) [potion of mutation]
 10075 | Lair:1   | Gained mutation: Your muscles are strong. (Str +2) [potion of mutation]
 10075 | Lair:1   | Gained mutation: You evolve. [potion of mutation]
 10075 | Lair:1   | Gained mutation: You can translocate small distances at will. [potion of mutation]
 10105 | Lair:2   | Noticed RedSky's ghost (journeyman DrEE)
 10123 | Lair:2   | Gained mutation: You are resistant to hostile enchantments. (MR+) [evolution]
 10134 | Lair:2   | Noticed spsoon's ghost (journeyman GnEn)
 10173 | Lair:2   | Killed RedSky's ghost
 10194 | Lair:2   | Killed spsoon's ghost
 10485 | Lair:2   | Reached skill level 12 in Armour
 10606 | Lair:2   | Reached XP level 12. HP: 89/96 MP: 11/11
 11046 | Lair:2   | Reached skill level 13 in Armour
 11747 | Lair:3   | Reached skill level 14 in Armour
 11926 | Lair:3   | Found a staircase to the Snake Pit.
 12001 | Lair:3   | Reached **** piety under the Shining One
 12045 | Lair:3   | Found a staircase to the Shoals.
 12197 | Lair:3   | Found a shattered altar of Ashenzari.
 12524 | Lair:4   | Found a dark tunnel.
 12651 | Volcano  | Entered a volcano
 13031 | Volcano  | Reached XP level 13. HP: 37/102 MP: 12/12
 13810 | Lair:4   | Reached skill level 15 in Armour
 13810 | Lair:4   | Reached skill level 15 in Shields
 14347 | Lair:5   | Reached skill level 1 in Throwing
 14984 | Lair:5   | Reached skill level 5 in Dodging
 15053 | Lair:5   | Got a slimy robe
 15611 | Lair:6   | Entered Level 6 of the Lair of Beasts
 15726 | Lair:6   | Reached ***** piety under the Shining One
 16026 | Lair:6   | Reached XP level 14. HP: 99/112 MP: 13/13
 16038 | Lair:6   | Reached skill level 5 in Throwing
 16055 | Lair:6   | Reached skill level 16 in Armour
 16187 | Lair:6   | HP: 5/113 [death yak (16)]
 16212 | Lair:6   | Slain by a death yak

Vault maps used:
D:1:      scummos_arrival_star, kennysheep_another_room
D:2:      lemuel_coloured_pillars_altar, elyvilon_altar_5, first_ration,
          nicolae_ru_sacrificial_ziggurat
D:3:      lemuel_statue_altar, uniq_robin, uniq_crazy_yiuf_cottage, uniq_sigmund
D:4:      enter_ossuary_2, guppyfry_early_orc_mine
D:5:      minitemple, temple_hall, serial_shops, shop
D:6:      okawaru_metal_pillars_1_2, kennysheep_mini_moat, slow_altar_1,
          minmay_holes, mrwooster_statue_mirror
D:7:      uniq_duvessa
D:8:      lemuel_ice_statue, uniq_grum
D:9:      kennysheep_spiral_hall, kennysheep_mini, erik_lair_orcish_takeover,
          enter_bailey_3
Temple:   minmay_freezing_vapour_temple
Lair:1:   infiniplex_staircase_pool_2
Lair:2:   serial_bayou_pond_b, minmay_lair_oklob_items, grunt_megastairs_2,
          infiniplex_staircase_pool
Lair:3:   elwin_shoals_entry_rooms, basic_altar
Lair:4:   nicolae_volcano_entry_vermiform, grunt_megastairs_1
Lair:5:   lemuel_fruit_tree, grunt_megastairs_3
Lair:6:   gammafunk_lair_ancient_temple, slime_dummy, serial_bayou_shore_a
Ossuary:  ossuary_due_pyramid
Bailey:   bailey_polearm_flooded_kennysheep, bailey
Volcano:  volcano_aerie

Skill      XL: |  1  2  3  4  5  6  7  8  9 10 11 12 13 14 |
---------------+-------------------------------------------+-----
Shields        | 4 5 6 9 12 14 15 | 15.0
Fighting       | 4 5 7 9 10 11 12 | 12.1
Armour         | 4 5 6 9 12 14 15 16 | 16.1
Maces & Flails | 3 4 6 9 12 | 12.1
Dodging        | 1 3 6 7 |  7.1
Throwing       | 4 5 |  5.4

Action                   |  1- 3 |  4- 6 |  7- 9 | 10-12 | 13-15 || total
-------------------------+-------+-------+-------+-------+-------++-------
Melee: Flail             |    63 |   191 |     1 |       |       ||   255
       Headbutt          |    16 |    31 |    68 |   257 |   181 ||   553
       Whip              |       |       |   305 |   827 |   542 ||  1674
Throw: Tomahawk          |       |     3 |       |       |       ||     3
       Javelin           |       |       |       |     5 |       ||     5
 Abil: Blink             |       |       |       |     2 |       ||     2
  Use: Potion            |       |     1 |       |     4 |     2 ||     7
       Scroll            |       |       |     3 |    28 |     3 ||    34
  Eat: Chunk             |       |     6 |     5 |    14 |     5 ||    30
       Ration            |       |       |     2 |     3 |     1 ||     6
Armor: Scale mail        |    30 |    14 |       |       |       ||    44
       Chain mail        |       |    82 |    70 |     8 |       ||   160
       Crystal plate arm |       |       |       |   227 |   219 ||   446
       Plate armour      |       |       |       |    24 |       ||    24
Dodge: Dodged            |    22 |    45 |    40 |    80 |   113 ||   300
Block: Shield            |    24 |    96 |   103 |   428 |   280 ||   931
       Reflection        |       |       |     8 |    37 |       ||    45

Table legend:
 A = Spawn XP
 B = Non-spawn XP
 C = Spawn XP percentage of total XP
 D = Spawn monster count
 E = Non-spawn monster count
 F = Spawn count percentage of total count
 G = Total turns spent on level
                    A         B        C        D         E        F      G
               +---------+---------+-------+---------+---------+-------+---------
         Total |       0 |   70870 |   0.0 |       0 |     484 |   0.0 | 16212
               +---------+---------+-------+---------+---------+-------+---------
           D:1 |       0 |      55 |   0.0 |       0 |      24 |   0.0 |   601
           D:2 |       0 |      73 |   0.0 |       0 |      17 |   0.0 |   756
           D:3 |       0 |     380 |   0.0 |       0 |      41 |   0.0 |  1070
           D:4 |       0 |     786 |   0.0 |       0 |      19 |   0.0 |   713
           D:5 |       0 |     623 |   0.0 |       0 |      17 |   0.0 |   748
           D:6 |       0 |     948 |   0.0 |       0 |      20 |   0.0 |   958
           D:7 |       0 |     675 |   0.0 |       0 |      11 |   0.0 |   587
           D:8 |       0 |    1817 |   0.0 |       0 |      32 |   0.0 |   752
           D:9 |       0 |    3853 |   0.0 |       0 |      42 |   0.0 |  1090
        Lair:1 |       0 |    4467 |   0.0 |       0 |      18 |   0.0 |   857
        Lair:2 |       0 |   11126 |   0.0 |       0 |      36 |   0.0 |  1251
        Lair:3 |       0 |    7500 |   0.0 |       0 |      33 |   0.0 |  1033
        Lair:4 |       0 |    5276 |   0.0 |       0 |      17 |   0.0 |   998
        Lair:5 |       0 |   13146 |   0.0 |       0 |      42 |   0.0 |  1279
        Lair:6 |       0 |   14728 |   0.0 |       0 |      40 |   0.0 |   595
       Ossuary |       0 |      87 |   0.0 |       0 |      24 |   0.0 |   461
        Bailey |       0 |    2269 |   0.0 |       0 |      39 |   0.0 |  1458
       Volcano |       0 |    3061 |   0.0 |       0 |      12 |   0.0 |   954
               +---------+---------+-------+---------+---------+-------+---------
